 Dungeon Crawl Stone Soup version 0.24-a0-736-g4e6fe308c7 (webtiles) character file.

Game seed: 8687635424337576310, levelgen mode: deterministic

49 Oninnaise the Ruffian (level 3, -2/29 HPs)
             Began as a Demonspawn Fighter on Oct 2, 2019.
             Slain by an ogre
             ... wielding a +0 giant spiked club
              (13 damage)
             ... on level 3 of the Dungeon.
             The game lasted 00:01:47 (1137 turns).

Oninnaise the Ruffian (Demonspawn Fighter)          Turns: 1137, Time: 00:01:48

Health: -2/29      AC:  6    Str: 17    XL:     3   Next: 53%
Magic:  3/3        EV:  6    Int:  9    God:
Gold:   110        SH:  8    Dex: 12    Spells: 2/2 levels left

rFire    . . .     SeeInvis .     - Unarmed
rCold    . . .     Gourm    .   b - +0 shield
rNeg     . . .     Faith    .   a - +0 scale mail
rPois    .         Spirit   .   (helmet restricted)
rElec    .         Reflect  .   (no cloak)
rCorr    .         Harm     .   (no gloves)
MR       .....                  (no boots)
Stlth    ..........             (no amulet)
HPRegen  0.09/turn              (no ring)
MPRegen  0.08/turn              (no ring)

@: no status effects
A: horns 1
a: no special abilities


You were on level 3 of the Dungeon.
You were not hungry.

You visited 1 branch of the dungeon, and saw 3 of its levels.

You collected 110 gold pieces.

Inventory:

Armour
 a - a +0 scale mail (worn)
 b - a +0 shield (worn)
Wands
 i - a wand of flame (18)
Scrolls
 e - 2 scrolls of amnesia {unknown}
 f - 3 scrolls of identify {unknown}
 j - 2 scrolls of teleportation {unknown}
 k - a scroll of fear {unknown}
Potions
 c - 2 potions of might
 g - a potion of agility {unknown}
 h - a potion of curing {unknown}
 l - a potion of brilliance {unknown}
Comestibles
 d - 2 rations


   Skills:
 - Level 3.0 Fighting
 - Level 2.6 Armour
 - Level 2.6 Shields
 + Level 3.6 Unarmed Combat


You had 2 spell levels left.
You didn't know any spells.
Your spell library was empty.

Dungeon Overview and Level Annotations

Branches:
Dungeon (3/15)

Altars:
Nemelex Xobeh


Innate Abilities, Weirdness & Mutations

You have a pair of small horns on your head.


Message History

f - 3 scrolls labeled VIRCHU DIPRIECI (gained 1)
There is a stone staircase leading down here.
An ogre comes into view. It is wielding a +0 giant spiked club.
The ogre shouts!
An ogre is nearby!
There is a stone staircase leading down here.
You block the ogre's attack.
You hit the ogre but do no damage. You headbutt the ogre.
The ogre is lightly wounded.
You block the ogre's attack.
You hit the ogre. You headbutt the ogre!
The ogre is heavily wounded.
You hit the ogre.
The ogre is heavily wounded.
The ogre hits you with a +0 giant spiked club!!
Ouch! That really hurt!
You hit the ogre.
The ogre is heavily wounded.
The ogre hits you with a +0 giant spiked club!
You die...

#.#
#...........
#.#
##########.#
##.## #.#
#...# #.#
##..# #..
##># ####
#.# .... #.#
#### #@# #O#
#.# #.# #.#
#.# #.# #.#
### #.# ##..


You could see an ogre.

Vanquished Creatures
  2 adders (D:2)
  2 dart slugs (D:2)
  4 bats
  A giant cockroach (D:3)
  4 goblins
  2 hobgoblins
  A kobold (D:3)
  A quokka (D:3)
  2 ball pythons
  3 frilled lizards (D:1)
  8 rats
30 creatures vanquished.

Notes
Turn   | Place    | Note
-------+----------+-------------------------------------------
     0 | D:1      | Oninnaise the Demonspawn Fighter began the quest for the
                  | Orb.
     0 | D:1      | Reached XP level 1. HP: 18/18 MP: 1/1
   260 | D:1      | Gained mutation: You have a pair of small horns on your
                  | head. [demonic ancestry]
   260 | D:1      | Reached XP level 2. HP: 24/24 MP: 2/2
   672 | D:2      | Reached XP level 3. HP: 25/29 MP: 3/3
   912 | D:2      | Found a sparkling altar of Nemelex Xobeh.
  1125 | D:3      | Noticed an ogre
  1137 | D:3      | Slain by an ogre

Levels and vault maps discovered:
D:1:      lemuel_arrival_behind_the_door_small, layout_basic
D:2:      layout_basic, nemelex_spade_bored_becter
D:3:      layout_loops_ring, grunt_temple_overflow_champion_of_chaos,
          yredelemnul_altar_generic, lemuel_zombie_altar_kikubaaqudgha,
          first_ration

Skill      XL: |  1  2 |
---------------+-------+-----
Unarmed Combat | 2 3 |  3.6
Fighting       | |  3.0
Armour         | |  2.6
Shields        | |  2.6

Action                   || total
-------------------------++-------
Melee: Unarmed           ||    89
       Headbutt          ||     9
  Eat: Ration            ||     1
Armor: Scale mail        ||    38
Dodge: Dodged            ||    16
Block: Shield            ||    41

Table legend:
 A = Non-vault XP
 B = Vault XP
 C = Vault XP percentage of total XP
 D = Non-vault monster count
 E = Vault monster count
 F = Vault count percentage of total count
                 A         B        C        D         E       F
            +---------+---------+-------+---------+---------+-------
      Total |      71 |       0 |   0.0 |      30 |       0 |   0.0
            +---------+---------+-------+---------+---------+-------
        D:1 |      14 |       0 |   0.0 |      12 |       0 |   0.0
        D:2 |      40 |       0 |   0.0 |       7 |       0 |   0.0
        D:3 |      17 |       0 |   0.0 |      11 |       0 |   0.0
            +---------+---------+-------+---------+---------+-------
